 Seeded DCSS version 0.31-a0-321-g19405a7a6a (webtiles) character file.

Game seed: 14215367866634240820 (custom seed)

9 innerfire43 the Changeling (level 2, 0/22 HPs)
             Began as a Demonspawn Shapeshifter on July 17, 2023.
             Slain by a jackal (1 damage)
             ... on level 1 of the Dungeon.
             The game lasted 00:00:32 (175 turns).

innerfire43 the Changeling (Demonspawn Shapeshifter) Turns: 175, Time: 00:00:33

Health: 0/22       AC:  2    Str: 15    XL:     2   Next: 6%
Magic:  2/2        EV: 12    Int:  9    God:
Gold:   16         SH:  0    Dex: 13    Spells: 1/1 levels left

rFire   . .          .
                       - Unarmed
rCold   . . .        (no shield)
rNeg    . . .        a - +0 animal skin
rPois   .            (helmet currently unavailable)
rElec   .            (cloak currently unavailable)
rCorr   .            (gloves currently unavailable)
SInv    .            (boots currently unavailable)
Will    .....        (no amulet)
Stlth   +            (no ring)
HPRegen 0.23/turn    (no ring)
MPRegen 0.08/turn

%: no passive effects
@: beast-form
A: beast (slay +1), demonic guardian 1
a: Begin Untransformation


You were on level 1 of the Dungeon.
You were a hulking beast.
You visited 1 branch of the dungeon, and saw 1 of its levels.

You collected 16 gold pieces.

Inventory:

Armour
 a - a +0 animal skin (worn)
Talismans
 c - a beast talisman
Scrolls
 d - a scroll of enchant weapon {unknown}


   Skills:
 + Level 2.2 Fighting
 + Level 2.0 Dodging
 + Level 2.0 Unarmed Combat
 + Level 2.8 Shapeshifting


You had one spell level left.
You didn't know any spells.
Your spell library was empty.

Dungeon Overview and Level Annotations

Branches:
Dungeon (1/15)

Altars:


Innate Abilities, Weirdness & Mutations

You are a hulking beast.
Your limbs bulge with bestial killing power. (Slay +1)
A weak demonic guardian rushes to your aid.


Message History

The jackal barks! x2
A goblin comes into view. It is wielding a +0 club.
You barely miss the jackal.
The jackal barks!
The jackal bites you. The goblin attacks as you move away!
The goblin hits you with a +0 club.
You closely miss the jackal. The jackal bites you. x2
You barely miss the jackal. The jackal barely misses you.
You closely miss the jackal. The jackal closely misses you.
You punch the jackal!
You kill the jackal!
The jackal bites you.
Your Dodging skill increases to level 2!
Your Unarmed Combat skill increases to level 2!
You have reached level 2!
Your demonic ancestry asserts itself...
You feel the presence of a demonic guardian.
You barely miss the jackal. You hit the jackal.
The jackal is severely wounded.
The jackal bites you.
You barely miss the jackal. You punch the jackal.
The jackal is moderately wounded.
The jackal misses you. The jackal bites you. x3
The jackal bites you but does no damage.
The jackal barely misses you.
You barely miss the jackal.
The jackal is severely wounded.
The jackal bites you. The jackal closely misses you. The jackal bites you.
* * * LOW HITPOINT WARNING * * *
A demonic guardian appears!
The jackal attacks as you move away! The jackal closely misses you.
The jackal bites you but does no damage.
The jackal barely misses you. The jackal bites you.
* * * LOW HITPOINT WARNING * * *
Your iron imp hits the jackal!
The jackal dies!
The jackal closely misses you. The jackal attacks as you move away!
The jackal bites you.
You die...

#+#####.# #.# ........
♣.......# .#.##........
.>......###.#....~~~~≈~≈
♣.......#.. #....≈≈≈~≈≈≈
.....[..#.# #...(~~≈≈≈≈≈
..#####.#.###....~≈≈#+#'
.......g.........~≈≈+(..
#......hh........≈≈≈+...
#...P.5h..#.##...~≈≈#'#'
P.P♣P.....#.##....~≈≈≈#.
.. ♣..P.....##..⌠..~≈~'.
. ♣♣..##...##..⌠..≈~≈'.
♣.......##....~≈≈≈#.
.####...##...~~≈#+## P#
##..†)....≈≈≈+ ..
#.....#....~≈≈+
...#........~~≈#+#


You could see 2 jackals, a goblin and a friendly iron imp (summoned).

Vanquished Creatures
  A ball python (D:1)
  A goblin (D:1)
  A hobgoblin (D:1)
  A jackal (D:1)
  A quokka (D:1)
  A frilled lizard (D:1)
  A rat (D:1)
7 creatures vanquished.

Vanquished Creatures (collateral kills)
  A jackal (D:1)
1 creature vanquished.

Grand Total: 8 creatures vanquished

Notes
Turn   | Place    | Note
-------+----------+-------------------------------------------
     0 | D:1      | innerfire43 the Demonspawn Shapeshifter began the quest for
                  | the Orb.
     0 | D:1      | Reached XP level 1. HP: 16/16 MP: 1/1
   169 | D:1      | Gained mutation: A weak demonic guardian rushes to your
                  | aid. [demonic ancestry]
   169 | D:1      | Reached XP level 2. HP: 15/22 MP: 2/2
   173 | D:1      | HP: 1/22 [jackal (3)]
   175 | D:1      | Slain by a jackal

Illustrated notes

Levels and vault maps discovered:
D:1:      dpeg_arrival_castle, layout_basic, serial_forest,
          infiniplex_forest_straight_2, infiniplex_forest_straight_3,
          infiniplex_forest_clump_double, infiniplex_forest_lined_1,
          infiniplex_forest_clump_small, infiniplex_forest_straight_2,
          infiniplex_forest_lined_3_way

Skill      XL: |  1 |
---------------+----+-----
Dodging        | 2 |  2.0
Unarmed Combat | 2 |  2.0
Fighting       | |  2.2
Shapeshifting  | |  2.8

Action                     || total
---------------------------++-------
  Melee: Unarmed           ||    34
         Punch             ||     1
    Use: Potion            ||     1
 Armour: Skin              ||    13
         Animal skin       ||     4
  Dodge: Dodged            ||    14

Table legend: (Time is in decaauts)
 A = Elapsed time spent in this place.
 B = Non-inter-level travel time spent in this place.
 C = Inter-level travel time spent in this place.
 D = Time resting spent in this place.
 E = Time spent auto-exploring this place.
 F = Levels seen in this place.
 G = Mean time per level.
                   A        B        C        D        E       F      G
               +--------+--------+--------+--------+--------+-----+--------+
         Total |    176 |    176 |      0 |      0 |    110 |   1 |  176.0 |
       Dungeon |    176 |    176 |      0 |      0 |    110 |   1 |  176.0 |
               +--------+--------+--------+--------+--------+-----+--------+

Top non-repeatable levels by time:
     D:1: 176 daAuts
